 Dungeon Crawl Stone Soup version 0.29.1-1-gd02db6906a (webtiles) character file.

Game seed: 12110068512884008828

23 RascalDebosk the Conjurer (level 2, 0/20 HPs)
             Began as a Draconian Conjurer on Oct 8, 2022.
             Succumbed to an adder's poison
             ... on level 1 of the Dungeon.
             The game lasted 00:05:41 (1050 turns).

RascalDebosk the Conjurer (Draconian Conjurer)      Turns: 1050, Time: 00:05:41

Health: 0/20       AC:  4    Str:  9    XL:     2   Next: 75%
Magic:  4/5        EV: 12    Int: 18    God:
Gold:   50         SH:  0    Dex:  9    Spells: 4/5 levels left

rFire   . . .      SeeInvis .   (no weapon)
rCold   + . .      Faith    .   (no shield)
rNeg    . . .      Spirit   .   (body armour unavailable)
rPois   .          Reflect  .   (helmet restricted)
rElec   .          Harm     .   (no cloak)
rCorr   .          Rampage  .   (no gloves)
Will    .....                   (no boots)
Stlth   ++........              (no amulet)
HPRegen 0.06/turn               c - ring of protection from cold
MPRegen 0.09/turn               (no ring)

@: lethally poisoned (0 -> -6)
A: AC +4, unfitting armour, cold-blooded
a: no special abilities


You were on level 1 of the Dungeon.
You visited 1 branch of the dungeon, and saw 2 of its levels.

You collected 50 gold pieces.

Inventory:

Jewellery
 c - a ring of protection from cold (left hand)
Scrolls
 e - a scroll of enchant weapon {unknown}
 f - a scroll of teleportation {unknown}
 g - a scroll of identify {unknown}
Potions
 b - a potion of flight {unknown}
 d - a potion of lignification {unknown}
 h - 2 potions of might {unknown}


   Skills:
 - Level 1.7 Dodging
 + Level 2.1 Stealth
 + Level 2.2 Spellcasting
 + Level 4.1 Conjurations
 + Level 0.7 Hexes
 + Level 0.9 Translocations


You had 4 spell levels left.
You knew the following spells:

 Your Spells              Type           Power      Damage    Failure   Level
a - Magic Dart            Conj           68%        1d6       3%          1

Your spell library contained the following spells:

 Spells                   Type           Power      Damage    Failure   Level
 Searing Ray              Conj           34%        2d5       4%          2
 Dazzling Flash           Conj/Hex       20%        N/A       19%         3
 Iskenderun's Mystic Bla  Conj/Tloc      11%        2d4       52%         4
 Fulminant Prism          Conj/Hex       5%         3d7       54%         4


Dungeon Overview and Level Annotations

Branches:
Dungeon (2/15)

Altars:

Shops:
D:1 =


Innate Abilities, Weirdness & Mutations

Your plain brown scales are hard. (AC +4)
You cannot fit into any form of body armour.
You are cold-blooded and may be slowed by cold attacks.


Message History

There is an open door here.
You open the door.
There is an open door here.
You open the door.
There is an open door here.
There is an open door here.
There is an open door here.
Found a mace.
You see here a +0 mace.
Found a ring mail.
Done exploring.
You see here a +0 mace.
There is an open door here.
There is an open door here.
There is a stone staircase leading down here.
You climb downwards.
Found a robe.
There is a stone staircase leading up here.
Aiming: Magic Dart (safe; 3% risk of failure)
Press: ? - help, Q - select action Shift-Dir - straight line, f - adder
Aim: an adder (asleep, 100% to hit)
The magic dart hits the adder.
The adder is lightly wounded.
The adder hisses angrily.
The adder barely misses you. The bat hits you but does no damage.
Aiming: Magic Dart (safe; 3% risk of failure)
Press: ? - help, Q - select action Shift-Dir - straight line, f/p - adder
Aim: an adder (lightly wounded, 100% to hit)
The magic dart hits the adder.
The adder is moderately wounded.
The bat hits you but does no damage. The adder misses you.
The bat closely misses you.
Aiming: Magic Dart (safe; 3% risk of failure)
Press: ? - help, Q - select action Shift-Dir - straight line, f/p - adder
Aim: an adder (lightly wounded, 100% to hit)
The magic dart hits the adder.
The adder is heavily wounded.
The bat misses you. The adder bites you.
You are poisoned.
The adder poisons you!
Aiming: Magic Dart (safe; 3% risk of failure)
Press: ? - help, Q - select action Shift-Dir - straight line, f/p - adder
Aim: an adder (heavily wounded, 100% to hit)
The magic dart hits the adder.
The adder is severely wounded.
* * * LOW MAGIC WARNING * * *
You feel sick. The bat hits you. The adder bites you but does no damage.
The bat closely misses you. The adder misses you.
Aiming: Magic Dart (safe; 3% risk of failure)
Press: ? - help, Q - select action Shift-Dir - straight line, f/p - adder
Aim: an adder (severely wounded, 100% to hit)
The magic dart hits the adder.
The adder is severely wounded.
* * * LOW MAGIC WARNING * * *
You feel sick. The bat hits you but does no damage.
The adder bites you but does no damage.
You feel sick. The bat hits you but does no damage.
The adder bites you but does no damage.
You climb upwards.
You feel sick.
You are no longer poisoned.
There is a stone staircase leading down here.
The adder misses you. The adder bites you but does no damage.
You climb downwards.
The bat hits you but does no damage.
An endoplasm comes into view.
There is a stone staircase leading up here.
The bat hits you but does no damage. The adder barely misses you.
You climb upwards.
There is a stone staircase leading down here.
Aiming: Magic Dart (safe; 3% risk of failure)
Press: ? - help, Q - select action Shift-Dir - straight line, f - adder
Aim: an adder (severely wounded, 100% to hit)
The magic dart hits the adder.
The adder is almost dead.
* * * LOW MAGIC WARNING * * *
The adder bites you.
* * * LOW HITPOINT WARNING * * *
You are poisoned.
The adder poisons you! Magic courses through your body.
You feel sick. The adder closely misses you. The adder bites you.
* * * LOW HITPOINT WARNING * * *
You are lethally poisoned!
The adder poisons you!
Aiming: Magic Dart (safe; 3% risk of failure)
Press: ? - help, Q - select action Shift-Dir - straight line, f/p - adder
Aim: an adder (almost dead, 100% to hit)
The magic dart hits the adder.
You kill the adder!
* * * LOW HITPOINT WARNING * * *
You feel sick.
* * * LOW HITPOINT WARNING * * *
You feel sick.
You see here an adder corpse.
Unknown command.
Unknown command.
Unknown command.
Unknown command.
* * * LOW HITPOINT WARNING * * *
You feel sick.
You die...

#.# ##.'...≈≈≈≈~...'.# #....
#.# ####..#####..##.# ###.#
#.#######..♣♣PP♣♣..##......##
.#
#....##..#####..###......##
.#
#....'...~≈≈≈≈...'.......##
.#
#.##.#############.......##
.#
#................##########
.# ####.#####.#.##.## # .#
#........#....# #


There were no monsters in sight!

Vanquished Creatures
  An adder (D:1)
  An endoplasm (D:1)
  A goblin (D:1)
  3 hobgoblins (D:1)
  4 jackals (D:1)
  A frilled lizard (D:1)
  2 rats (D:1)
13 creatures vanquished.

Notes
Turn   | Place    | Note
-------+----------+-------------------------------------------
     0 | D:1      | RascalDebosk the Draconian Conjurer began the quest for the
                  | Orb.
     0 | D:1      | Reached XP level 1. HP: 14/14 MP: 3/3
   251 | D:1      | Found Qaruy's Jewellery Emporium.
   266 | D:1      | Reached XP level 2. HP: 20/20 MP: 3/5
   537 | D:1      | Found a faded altar of an unknown god.
   538 | D:1      | Noticed an eye of devastation
   540 | D:1      | Noticed an eye of devastation
   545 | D:1      | Noticed a golden eye
   557 | D:1      | Noticed a great orb of eyes
  1049 | D:1      | HP: 1/20 [poisoned by an adder]
  1050 | D:1      | Succumbed to an adder's poison

Illustrated notes

Levels and vault maps discovered:
D:1:      tarquinn_simple_flora_water_b, layout_basic, serial_shops, shop,
          hellmonk_ecumenical_altar_watching_god, kennysheep_small_spiral,
          minmay_crystal_water, minmay_misc_feat_square
D:2:      layout_basic, grunt_ministairs_2, minmay_misc_feat_tiny,
          minmay_pentomino_u2

Skill      XL: |  1 |
---------------+----+-----
Stealth        | 2 |  2.1
Dodging        | |  1.7
Spellcasting   | |  2.2
Conjurations   | |  4.1
Hexes          | |  0.7
Translocations | |  0.9

Action                   || total
-------------------------++-------
 Cast: Magic Dart        ||    31
  Use: Potion            ||     1
Armor: Skin              ||    23
Dodge: Dodged            ||    38
